 Dungeon Crawl Stone Soup version 0.27.1-33-g824d729ab1 (webtiles) character file.

Game seed: 18072485886230828142

11131 dohliylev the Severer (level 11, -7/94 HPs)
             Began as a Minotaur Fighter on Dec 27, 2021.
             Was an Elder of the Shining One.
             Headbutted by a minotaur (10 damage)
             ... in a Gauntlet.
             The game lasted 00:41:14 (13565 turns).

dohliylev the Severer (Minotaur Fighter)           Turns: 13565, Time: 00:41:15

Health: -7/94      AC: 15    Str: 25    XL:     11   Next: 45%
Magic:  0/10       EV: 12    Int:  5    God:    the Shining One [****..]
Gold:   883        SH:  7    Dex:  9    Spells: 10/10 levels left

rFire    + + .     SeeInvis .   a - +0 war axe
rCold    x . .     Faith    .   f - +2 buckler
rNeg     + + .     Spirit   +   n - +6 scale mail {rF+}
rPois    .         Reflect  .   (helmet unavailable)
rElec    .         Harm     .   w - +0 cloak
rCorr    .         Rampage  .   g - +0 pair of gloves
Will     .....     NoTele   +   (no boots)
Stlth    ..........             A - amulet of guardian spirit
HPRegen  0.25/turn              h - ring of fire
MPRegen  0.12/turn              (no ring)

@: mighty, glowing
A: horns 3, retaliatory headbutt, beak
a: Renounce Religion, Divine Shield, Cleansing Flame


You were in a Gauntlet.
You worshipped the Shining One.
The Shining One was greatly pleased with you.
You visited 2 branches of the dungeon, and saw 12 of its levels.
You also visited: Sewer, Ossuary, Bailey and Gauntlet.

You collected 883 gold pieces.

Inventory:

Hand Weapons
 a - a +0 war axe (weapon)
 y - a +0 glaive
 B - a +0 war axe
Armour
 f - a +2 buckler (worn)
 g - a +0 pair of gloves (worn)
 l - a +2 hat
 n - a +6 scale mail of fire resistance (worn)
 w - a +0 cloak (worn)
 x - a +3 chain mail of cold resistance
 F - a +1 hat of willpower
Jewellery
 h - a ring of fire (left hand)
 u - a ring of wizardry
 v - a ring of protection from cold
 A - an amulet of guardian spirit (around neck)
 I - the amulet of Forexapseto {Faith rElec}
   (You found it on level 9 of the Dungeon)

   [amulet of faith]

   It allows you to gain divine favour quickly.
   rElec:     It insulates you from electricity.
Wands
 m - a wand of iceblast (9)
 r - a wand of digging (3)
Scrolls
 i - 3 scrolls of identify
 j - a scroll of fog
 o - 6 scrolls of teleportation
 s - 5 scrolls of summoning
 E - 2 scrolls of magic mapping
 J - a scroll of fear
 K - 2 scrolls of enchant armour
 L - a scroll of amnesia
 O - a scroll of acquirement
Potions
 b - a potion of resistance
 c - a potion of experience {unknown}
 e - 2 potions of ambrosia
 k - 2 potions of magic
 p - 3 potions of cancellation
 q - a potion of curing
 t - 5 potions of brilliance
 z - 3 potions of haste
 D - a potion of flight
Miscellaneous
 C - a piece from Xom's chessboard (15/15)


   Skills:
 - Level 8.0 Fighting
 - Level 16.0 Axes
 - Level 4.0 Armour
 + Level 9.4 Dodging
 - Level 6.7 Shields


You had 10 spell levels left.
You didn't know any spells.
Your spell library contained the following spells:

 Spells                   Type           Power      Damage    Failure   Level
 Beastly Appendage        Tmut           0%         N/A       77%         1
 Magic Dart               Conj           0%         1d3       77%         1
 Summon Small Mammal      Summ           0%         N/A       77%         1
 Call Imp                 Summ           0%         N/A       88%         2
 Ensorcelled Hibernation  Hex/Ice        0%         N/A       88%         2
 Wereblood                Tmut           0%         N/A       88%         2
 Call Canine Familiar     Summ           0%         N/A       98%         3
 Conjure Flame            Conj/Fire      0%         6-21      98%         3
 Ignite Poison            Fire/Tmut/Pois 0%         N/A       98%         3
 Mephitic Cloud           Conj/Pois/Air  0%         N/A       98%         3
 Spider Form              Tmut/Pois      0%         N/A       98%         3
 Summon Guardian Golem    Hex/Summ       0%         N/A       98%         3
 Sticky Flame             Conj/Fire      0%         2d3       100%        4
 Shadow Creatures         Summ           N/A        N/A       100%        6


Dungeon Overview and Level Annotations

Branches:
Dungeon (11/15)            Temple (1/1) D:4            Lair (0/6) D:9
    Orc (0/2) D:9           Sewer (visited)         Ossuary (visited)
 Bailey (visited)         Gauntlet (1/1)

Altars:
Ashenzari
Cheibriados
Dithmenos
Elyvilon
Fedhas
Gozag
Hepliaklqana
Kikubaaqudgha
Makhleb
Nemelex Xobeh
Okawaru
Qazlal
Ru
Sif Muna
Trog
Uskayaw
Vehumet
Wu Jian
Xom
Yredelemnul
Zin
The Shining One

Shops:
D:6 :

Annotations:
Gauntlet 7 transporters


Innate Abilities, Weirdness & Mutations

You have a pair of large horns on your head.
You reflexively headbutt those who attack you in melee.
You have a beak for a mouth.


Message History

The minotaur gores you!
You slash the minotaur!
The minotaur is heavily wounded.
You block the minotaur's attack.
The minotaur gores you but does no damage.
You hit the minotaur but do no damage.
The minotaur is moderately wounded.
You completely miss the minotaur.
The minotaur is moderately wounded.
You block the minotaur's attack. The minotaur gores you!
You hit the minotaur but do no damage.
The minotaur is moderately wounded.
The minotaur hits you with the +9 rapier "Gesoog Duu" {protect, rF+ rC+ Dex+4}!
You block the minotaur's attack.
You hit the minotaur but do no damage. Your headbutt misses the minotaur.
The minotaur is moderately wounded.
The minotaur blocks your attack. x2
The minotaur is moderately wounded.
The minotaur hits you with the +9 rapier "Gesoog Duu" {protect, rF+ rC+ Dex+4}!!
* * * LOW HITPOINT WARNING * * *
The minotaur gores you but does no damage.
You feel much better. You block the minotaur's attack. The minotaur gores you.
You feel very mighty all of a sudden.
The minotaur hits you with the +9 rapier "Gesoog Duu" {protect, rF+ rC+ Dex+4}!!
* * * LOW HITPOINT WARNING * * *
The minotaur gores you.
* * * LOW HITPOINT WARNING * * *
You slash the minotaur! You headbutt the minotaur.
You peck the minotaur, but do no damage.
The minotaur is severely wounded.
The minotaur hits you with the +9 rapier "Gesoog Duu" {protect, rF+ rC+ Dex+4}!
* * * LOW HITPOINT WARNING * * *
The minotaur gores you but does no damage.
You hit the minotaur but do no damage.
The minotaur is severely wounded.
The minotaur hits you but does no damage.
The minotaur barely misses you.
Your scale mail prevents you from hitting the minotaur.
The minotaur furiously retaliates!
The minotaur headbutts you!
You die...

#[.:# #8.8#
####:.[####
###8.#8H8#.8###
#....#...#....#
#.#..#8.8#..#.#
#.#..##'##..#.#
#....@H.......#
#.#.##.#.##.#.#
#.#....#....#.#
#.#.#######.#.#
#.............#
##...©.©.©...##
##.........#### #
≈#############≈#§#
.....8.∩.8........


You could see a minotaur.

Vanquished Creatures
  2 two-headed ogres (D:9)
  Pikel (D:7)
  An orc knight (Bailey)
  A cyclops (D:11)
  An ugly thing (D:8)
  A moth of wrath (Gauntlet)
  A tengu conjurer (D:10)
  A queen bee (shapeshifter) (Gauntlet)
  A troll (D:9)
  3 meliai (Gauntlet)
  A redback (shapeshifter) (Gauntlet)
  Eustachio (D:5)
  A vampire (D:9)
  A hog (shapeshifter) (Gauntlet)
  A wraith (D:7)
  A wyvern (D:9)
  3 yaks (D:10)
  The ghost of Jazqba the Cleaver, an amateur HOGl of Zin (D:4)
  Edmund (D:5)
  An acid dragon (D:8)
  2 water moccasins
  2 sky beasts
  2 ice beasts
  3 orc warriors
  A hornet zombie (D:5)
  Purgy (Sewer)
  A necrophage (D:5)
  3 ogres
  A centaur (D:7)
  5 wolves (Gauntlet)
  A lemure (D:7)
  3 kobold brigands
  A bullfrog (D:7)
  2 scorpions
  A water moccasin zombie (D:7)
  3 killer bees (D:9)
  3 wights (D:8)
  5 electric eels (D:9)
  3 howler monkeys
  5 centaur zombies
  2 orc priests
  A jelly (D:6)
  A bullfrog skeleton (D:5)
  2 centaur skeletons
  A gnoll shaman (D:7)
  2 hounds
  Crazy Yiuf (D:4)
  Jessica (D:3)
  4 orc wizards
  Ijyb (D:3)
  An iguana (D:7)
  A killer bee zombie (D:7)
  A hound skeleton (D:5)
  8 mummies (Ossuary)
  A howler monkey zombie (D:8)
  24 gnolls
  6 adders
  A river rat (shapeshifter) (Gauntlet)
  An adder skeleton (D:4)
  A worm (D:5)
  A dart slug (D:3)
  15 orcs
  4 ball pythons
  3 bats
  4 endoplasms
  6 giant cockroaches
  8 goblins
  17 hobgoblins
  4 jackals (D:1)
  3 quokkas
  4 frilled lizards
  A hobgoblin zombie (Ossuary)
  40 kobolds
  2 kobold zombies (Ossuary)
  5 orc zombies (Ossuary)
  5 rats
256 creatures vanquished.

Vanquished Creatures (others)
  7 fungi
  22 plants
29 creatures vanquished.

Grand Total: 285 creatures vanquished

Notes
Turn   | Place    | Note
-------+----------+-------------------------------------------
     0 | D:1      | dohliylev the Minotaur Fighter began the quest for the Orb.
     0 | D:1      | Reached XP level 1. HP: 19/19 MP: 0/0
   377 | D:1      | Found a faded altar of an unknown god.
   456 | D:1      | Reached XP level 2. HP: 25/27 MP: 1/1
   658 | D:1      | Reached skill level 3 in Axes
  1001 | D:1      | Reached XP level 3. HP: 33/33 MP: 2/2
  1578 | D:2      | Noticed an ogre
  1585 | D:2      | Killed an ogre
  1586 | D:2      | Reached skill level 5 in Axes
  1586 | D:2      | Reached skill level 1 in Dodging
  1586 | D:2      | Reached XP level 4. HP: 36/40 MP: 3/3
  1775 | D:2      | Reached XP level 5. HP: 45/46 MP: 4/4
  2122 | D:3      | Noticed Ijyb
  2123 | D:3      | Paralysed by Ijyb for 6 turns
  2146 | D:3      | Killed Ijyb
  2258 | D:3      | Noticed Jessica
  2271 | D:3      | Killed Jessica
  2511 | D:3      | Noticed a water moccasin
  2525 | D:3      | Killed a water moccasin
  2526 | D:3      | Reached skill level 6 in Axes
  2526 | D:3      | Reached XP level 6. HP: 38/52 MP: 5/5
  3221 | D:4      | Reached skill level 7 in Axes
  3229 | D:4      | Found a glowing drain.
  3410 | Sewer    | Entered a sewer
  3450 | Sewer    | Noticed Purgy
  3460 | Sewer    | Killed Purgy
  3701 | D:4      | Reached XP level 7. HP: 59/59 MP: 6/6
  3735 | D:4      | Found a staircase to the Ecumenical Temple.
  3745 | Temple   | Entered the Ecumenical Temple
  3999 | Temple   | Became a worshipper of the Shining One
  4065 | D:4      | Reached skill level 8 in Axes
  4166 | D:4      | Found a runed translucent door.
  4167 | D:4      | Noticed Crazy Yiuf
  4173 | D:4      | Killed Crazy Yiuf
  4280 | D:4      | Found a runed translucent door.
  4283 | D:4      | Noticed Jazqba's ghost (amateur HOGl)
  4561 | D:4      | Killed Jazqba's ghost
  4667 | D:5      | Entered Level 5 of the Dungeon
  4851 | D:5      | Reached skill level 9 in Axes
  4851 | D:5      | Reached skill level 5 in Shields
  4897 | D:5      | Noticed Eustachio
  4908 | D:5      | Killed Eustachio
  4909 | D:5      | Reached XP level 8. HP: 62/67 MP: 7/7
  4910 | D:5      | Reached * piety under the Shining One
  5070 | D:5      | Reached skill level 5 in Fighting
  5081 | D:5      | Reached skill level 10 in Axes
  5601 | D:5      | Noticed Edmund
  5623 | D:5      | Killed Edmund
  5717 | D:6      | Found a basalt altar of Yredelemnul.
  5787 | D:6      | Found Wupu's Self-Improvement Boutique.
  6055 | D:6      | Reached XP level 9. HP: 74/75 MP: 8/8
  6058 | D:6      | Reached skill level 11 in Axes
  6556 | D:7      | Noticed Pikel
  6571 | D:7      | Killed Pikel
  6718 | D:7      | Reached skill level 12 in Axes
  6718 | D:7      | Reached skill level 5 in Dodging
  7689 | D:7      | Reached ** piety under the Shining One
  7886 | D:8      | Noticed a brown ugly thing
  7893 | D:8      | Killed a brown ugly thing
  7894 | D:8      | Reached skill level 13 in Axes
  7894 | D:8      | Reached XP level 10. HP: 88/88 MP: 9/9
  8171 | D:8      | Found a sand-covered staircase.
  8179 | Ossuary  | Entered an ossuary
  8186 | Ossuary  | Reached *** piety under the Shining One
  8755 | D:9      | Noticed a two-headed ogre
  8766 | D:9      | Killed a two-headed ogre
  8767 | D:9      | Reached skill level 14 in Axes
  9132 | D:9      | Found a staircase to the Lair.
  9181 | D:9      | Identified the amulet of Forexapseto {Faith rElec}
  9783 | D:9      | Noticed a two-headed ogre
  9786 | D:9      | Found a staircase to the Orcish Mines.
  9791 | D:9      | Killed a two-headed ogre
  9792 | D:9      | Reached skill level 15 in Axes
 10179 | D:10     | Entered Level 10 of the Dungeon
 10503 | D:10     | Found a flagged portal.
 10515 | Bailey   | Entered a bailey
 10617 | Bailey   | Noticed an orc knight
 10832 | Bailey   | Killed an orc knight
 10837 | Bailey   | Gained mutation: You have a beak for a mouth. [potion of
                  | mutation]
 10837 | Bailey   | Gained mutation: You have a pair of large horns on your
                  | head. [potion of mutation]
 11593 | D:10     | Reached **** piety under the Shining One
 11943 | D:10     | Reached XP level 11. HP: 53/94 MP: 5/10
 12623 | D:11     | Reached skill level 16 in Axes
 12640 | D:11     | Found a gate leading to a gauntlet.
 12768 | Gauntlet | Entered a Gauntlet
 12768 | Gauntlet | Found a transporter.
 12768 | Gauntlet | Found a transporter.
 12774 | Gauntlet | Found a transporter.
 12777 | Gauntlet | Found a transporter.
 12777 | Gauntlet | Found a transporter.
 12796 | Gauntlet | Found a transporter.
 12808 | Gauntlet | Found a transporter.
 13119 | Gauntlet | Noticed an orb spider
 13132 | Gauntlet | an orb spider changed into a hog
 13132 | Gauntlet | Found a transporter.
 13132 | Gauntlet | Found a transporter.
 13299 | Gauntlet | Noticed a dire elephant
 13302 | Gauntlet | Found a transporter.
 13325 | Gauntlet | Found a transporter.
 13345 | Gauntlet | Found a transporter.
 13508 | Gauntlet | Found a transporter.
 13545 | Gauntlet | Identified the +9 rapier "Gesoog Duu" {protect, rF+ rC+
                  | Dex+4}
 13545 | Gauntlet | Identified the +5 ring mail of Zucis Rume {rElec}
 13545 | Gauntlet | Noticed a minotaur
 13563 | Gauntlet | HP: 3/94 [minotaur (12)]
 13565 | Gauntlet | Headbutted by a minotaur

Illustrated notes

Levels and vault maps discovered:
D:1:      matt_arrival_spirals, layout_basic,
          shapermc_ecumenical_altar_mp_urbaneastern, corexii_hall_statues_x
D:2:      layout_loops_ring, nicolae_underground_beach
D:3:      layout_loops_ring, chequers_avenue, minmay_fractal_squares_diagonal_5,
          uniq_jessica, uniq_ijyb
D:4:      layout_cave_pools, minmay_temple_entry_antechambers,
          ebering_ghost_reflecting_pool, portal_sewer_entry_d,
          uniq_crazy_yiuf_cottage
D:5:      layout_basic, uniq_eustachio, uniq_edmund
D:6:      layout_loops_cross, mainiacjoe_overflow_cross_hatched,
          nicolae_shop_self_help
D:7:      layout_cave_pods, kennysheep_dice, uniq_pikel
D:8:      layout_basic, nicolae_ossuary_entry_plus
D:9:      layout_basic, lair_entry_dummy, orc_0_dummy
D:10:     layout_basic, enter_bailey_4
D:11:     layout_rooms, gammafunk_ghost_grave, serial_shops,
          nicolae_shop_window_shopping, gauntlet_entry_generic, uniq_snorg
Temple:   nicolae_temple_the_god_donut
Gauntlet: gammafunk_gauntlet_mixed_choke_point [minmay_gauntlet_arena_77_box,
          minmay_gauntlet_arena_77_museum,
          minmay_gauntlet_arena_77_hold_the_fort,
          gammafunk_gauntlet_arena_hedges,
          minmay_gauntlet_arena_77_chump_sandwich,
          minmay_gauntlet_arena_77_radiant_squares,
          minmay_gauntlet_arena_77_block_sizes,
          nicolae_gauntlet_exit_dead_adventurers]

Skill      XL: |  1  2  3  4  5  6  7  8  9 10 11 |
---------------+----------------------------------+-----
Armour         | 4 |  4.0
Fighting       | 4 5 7 8 |  8.0
Shields        | 4 5 6 |  6.7
Axes           | 3 5 6 7 9 10 13 15 16 | 16.0
Dodging        | 1 2 3 4 5 6 9 |  9.4

Action                   |  1- 3 |  4- 6 |  7- 9 | 10-12 || total
-------------------------+-------+-------+-------+-------++-------
Melee: War axe           |    90 |    99 |   237 |   249 ||   675
       Headbutt          |     9 |    20 |    55 |    53 ||   137
       Unarmed           |       |       |     2 |       ||     2
       Peck              |       |       |       |     9 ||     9
  Use: Scroll            |       |     4 |     4 |    14 ||    22
       Potion            |       |       |       |    11 ||    11
Armor: Scale mail        |    36 |    52 |   116 |    84 ||   288
Dodge: Dodged            |    35 |    33 |    83 |   116 ||   267
Block: Kite shield       |    57 |    61 |    53 |       ||   171
       Buckler           |       |       |    31 |    79 ||   110
